 Dungeon Crawl Stone Soup version 0.23.2-1-ga50397a (webtiles) character file.

Game seed: 9795348625340516728

221 wanderer432 the Skirmisher (level 5, 0/47 HPs)
             Began as a Draconian Monk on May 29, 2019.
             Slain by a killer bee (7 damage)
             ... on level 7 of the Dungeon.
             The game lasted 00:13:42 (1423 turns).

wanderer432 the Skirmisher (Draconian Monk)         Turns: 1423, Time: 00:13:43

Health: 0/47       AC:  5    Str: 13    XL:     5   Next: 65%
Magic:  5/5        EV: 13    Int: 11    God:
Gold:   81         SH:  0    Dex: 14    Spells: 4/4 levels left

rFire    . . .     SeeInvis .   p - +0 war axe
rCold    . . .     Gourm    .   (no shield)
rNeg     . . .     Faith    .   (armour unavailable)
rPois    .         Spirit   .   (helmet restricted)
rElec    .         Reflect  .   (no cloak)
rCorr    .         Harm     .   (no gloves)
MR       .....                  (no boots)
Stlth    ++........             (no amulet)
HPRegen  0.15/turn              (no ring)
MPRegen  0.09/turn              (no ring)

@: lethally poisoned (0 -> -6)
A: unfitting armour, cold-blooded, AC +5
a: no special abilities


You were on level 7 of the Dungeon.
You were near starving.

You visited 1 branch of the dungeon, and saw 7 of its levels.

You collected 81 gold pieces.

Inventory:

Hand Weapons
 a - a +0 spear
 d - a +1 hand axe of electrocution
 e - a +0 dagger
 g - a +0 spear
 h - a +0 dagger
 i - a +0 mace
 k - a +0 dagger
 p - a +0 war axe (weapon)
 r - a +0 falchion
Missiles
 f - 6 stones (quivered)
 s - 8 bolts
Armour
 c - a +0 ring mail
 j - a +0 scale mail
 l - a +2 helmet
Jewellery
 o - a cursed -5 ring of evasion {unknown}
Scrolls
 m - 2 scrolls of amnesia {unknown}
 n - a scroll of remove curse {unknown}
 q - 3 scrolls of random uselessness {unknown}
Comestibles
 b - 6 rations


   Skills:
 + Level 4.5 Fighting
 + Level 2.5(3.6) Axes
 + Level 3.8(4.2) Polearms
 + Level 3.4 Dodging
 + Level 2.6 Stealth


You had 4 spell levels left.
You didn't know any spells.
Your spell library was empty.

Dungeon Overview and Level Annotations

Branches:
Dungeon (7/15)
 Temple: D:4-7

Altars:

Shops:
D:7 (


Innate Abilities, Weirdness & Mutations

Your plain brown scales are hard. (AC +5)
You cannot fit into any form of body armour.
You are cold-blooded and may be slowed by cold attacks.


Message History

You miss the killer bee.
You feel sick.
The killer bee stings you but does no damage.
The killer bee misses you. The killer bee barely misses you.
The killer bee closely misses you. The killer bee stings you.
The killer bee closely misses you. The killer bee stings you.
* * * LOW HITPOINT WARNING * * *
The killer bee stings you but does no damage.
You barely miss the killer bee. You closely miss the killer bee. x2
You feel sick.
The killer bee stings you but does no damage.
The killer bee stings you.
* * * LOW HITPOINT WARNING * * *
The killer bee stings you but does no damage. x2
The killer bee barely misses you. The killer bee closely misses you.
The killer bee completely misses you.
You miss the killer bee.
Your tail-slap misses the killer bee.
You closely miss the killer bee. You barely miss the killer bee.
* * * LOW HITPOINT WARNING * * *
You feel sick. The killer bee stings you!
You die...

### ...
#####.#
#.....#
#@#
#...yyy#
#........
#......###
⌠.⌠.....#
#.∩.#.####
#⌠.⌠#. #.#
#.


You could see 3 killer bees.

Vanquished Creatures
  A bullfrog (D:6)
  A killer bee (D:7)
  A centaur skeleton (D:3)
  Terence (D:2)
  A worker ant (D:4)
  A hound zombie (D:5)
  An adder (D:2)
  A leopard gecko (D:3)
  2 bats
  A giant cockroach (D:1)
  A goblin (D:1)
  A hobgoblin (D:2)
  A jackal (D:1)
  3 kobolds
  5 rats
22 creatures vanquished.

Notes
Turn   | Place    | Note
-------+----------+-------------------------------------------
     0 | D:1      | wanderer432 the Draconian Monk began the quest for the Orb.
     0 | D:1      | Reached XP level 1. HP: 19/19 MP: 1/1
   767 | D:2      | Reached XP level 2. HP: 20/26 MP: 2/2
   917 | D:2      | Noticed Terence
   935 | D:2      | Killed Terence
   935 | D:2      | Reached XP level 3. HP: 19/33 MP: 3/3
  1060 | D:3      | Reached skill level 4 in Fighting
  1060 | D:3      | Reached skill level 1 in Axes
  1060 | D:3      | Reached XP level 4. HP: 29/40 MP: 4/4
  1306 | D:5      | Entered Level 5 of the Dungeon
  1366 | D:6      | Noticed a bullfrog
  1374 | D:6      | Killed a bullfrog
  1374 | D:6      | Reached XP level 5. HP: 23/47 MP: 5/5
  1417 | D:7      | Found Fupeump's Weapon Shoppe.
  1423 | D:7      | Slain by a killer bee

Skill      XL: |  1  2  3  4 |
---------------+-------------+-----
Dodging        | 3 |  3.4
Stealth        | 2 |  2.6
Fighting       | 4 |  4.5
Axes           | 1 2 |  2.5
Polearms       | |  3.8

Action                   |  1- 3 |  4- 6 || total
-------------------------+-------+-------++-------
Melee: Hand axe          |    33 |     1 ||    34
       Spear             |     8 |       ||     8
       Tailslap          |     5 |     5 ||    10
       War axe           |       |    23 ||    23
Throw: Stone             |     1 |       ||     1
  Use: Scroll            |     1 |       ||     1
 Stab: Sleeping          |     2 |     4 ||     6
Armor: Skin              |    17 |    13 ||    30
Dodge: Dodged            |    29 |    32 ||    61
